 Dungeon Crawl Stone Soup version 0.28.0-53-g5a82cb258f (webtiles) character file.

Game seed: 6036768013214228409

193 Peloso the Covered (level 5, 0/47 HPs)
             Began as a Minotaur Fighter on May 26, 2022.
             Succumbed to a kobold brigand's curare-tipped dart
             ... in a sewer.
             The game lasted 00:05:06 (2842 turns).

Peloso the Covered (Minotaur Fighter)               Turns: 2842, Time: 00:05:06

Health: 0/47       AC: 14    Str: 21    XL:     5   Next: 43%
Magic:  4/4        EV:  6    Int:  5    God:
Gold:   180        SH:  5    Dex: 17    Spells: 4/4 levels left

rFire   . . .      SeeInvis .   a - +0 long sword
rCold   . . .      Faith    .   c - +0 buckler
rNeg    . . .      Spirit   .   h - +0 plate armour
rPois   .          Reflect  .   (helmet restricted)
rElec   .          Harm     .   (no cloak)
rCorr   .          Rampage  .   i - +0 pair of gloves
Will    .....                   m - +0 pair of boots
Stlth   ..........              (no amulet)
HPRegen 0.15/turn               o - +6 ring of dexterity
MPRegen 0.09/turn               (no ring)

@: lethally poisoned (0 -> -13), slowed, invisible, very slow
A: horns 2, retaliatory headbutt
a: no special abilities


You were in a sewer.
You visited 1 branch of the dungeon, and saw 4 of its levels.
You also visited: Sewer.

You collected 180 gold pieces.

Inventory:

Hand Weapons
 a - a +0 long sword (weapon)
Armour
 b - a +0 scale mail
 c - a +0 buckler (worn)
 e - a +0 chain mail
 h - a +0 plate armour (worn)
 i - a +0 pair of gloves (worn)
 m - a +0 pair of boots (worn)
Jewellery
 o - a +6 ring of dexterity (left hand)
Scrolls
 j - a scroll of enchant armour {unknown}
 n - a scroll of fog {unknown}
 q - a scroll of acquirement {unknown}
Potions
 d - a potion of might
 k - 2 potions of brilliance
 l - a potion of berserk rage
 p - a potion of haste {unknown}


   Skills:
 + Level 4.7 Fighting
 + Level 4.1 Long Blades
 + Level 5.2 Armour
 + Level 0.3 Stealth
 + Level 4.4 Shields


You had 4 spell levels left.
You didn't know any spells.
Your spell library contained the following spells:

 Spells                   Type           Power      Damage    Failure   Level
 Sublimation of Blood     Necr           0%         N/A       100%        2
 Wereblood                Tmut           0%         N/A       100%        2
 Summon Hydra             Summ           0%         N/A       100%        7


Dungeon Overview and Level Annotations

Branches:
Dungeon (4/15)             Temple (0/1) D:4           Sewer (1/1)

Altars:
Dithmenos


Innate Abilities, Weirdness & Mutations

You have a pair of horns on your head.
You reflexively headbutt those who attack you in melee.


Message History

You barely miss the river rat. You headbutt the river rat.
You kill the river rat!
You open the door. 2 kobolds and a kobold brigand come into view.
The kobold brigand is wielding a +0 short sword and quivering curare-tipped darts.
The kobold shouts! x2; The kobold brigand shouts!
The kobold brigand throws a curare-tipped dart.
The curare-tipped dart barely misses you.
Found a scroll labelled VOEXKI MEUCI and a scroll labelled MESEWN JEFYO.
The kobold unwields a +0 club.
The kobold wields a +0 hand crossbow.
The kobold shoots a bolt.
You block the bolt.
The kobold brigand throws a curare-tipped dart.
The curare-tipped dart barely misses you.
The kobold brigand throws a curare-tipped dart.
The curare-tipped dart hits you.
You are poisoned.
You have difficulty breathing.
You feel yourself slow down.
You feel very sick.
The kobold brigand throws a curare-tipped dart.
The curare-tipped dart hits you.
You are more poisoned.
You have difficulty breathing.
You feel as though you will be slow longer.
The kobold shoots a bolt.
The bolt hits you but does no damage.
You feel very sick.
You feel very sick.
The kobold shoots a bolt.
The bolt hits you.
The kobold shoots a bolt.
The bolt hits you but does no damage.
You feel very sick.
You feel sick.
The kobold brigand throws a curare-tipped dart.
The curare-tipped dart hits you.
You are lethally poisoned!
You have difficulty breathing.
* * * LOW HITPOINT WARNING * * *
You feel as though you will be slow longer.
You see here a river rat corpse.
It was a potion of invisibility.
You fade into invisibility!
You die...

≈≈≈≈≈≈≈...#
≈≈≈≈≈≈K...##
≈≈≈≈≈≈≈....#
≈≈≈≈≈≈.KK..#
≈≈≈≈≈......#
≈≈≈≈≈.....##
≈≈≈≈≈≈....#
≈≈≈≈≈....##
≈≈≈≈≈..@.####
≈≈≈≈≈≈..###∩#
≈≈≈≈≈...###.#
≈≈≈≈≈....#..#
≈≈≈≈≈≈.....##
.≈≈≈≈......#
.≈≈≈.≈....##
≈≈≈≈≈.....##
≈≈≈........##


You could see a kobold brigand and 2 kobolds.

Vanquished Creatures
  A necrophage (D:4)
  Robin (D:2)
  2 adders
  3 river rats
  A worm (D:2)
  2 endoplasms
  A giant cockroach (D:4)
  8 goblins
  4 hobgoblins
  5 jackals (D:2)
  3 quokkas
  5 ball pythons
  5 bats
  A frilled lizard (D:3)
  2 kobolds
  7 rats
51 creatures vanquished.

Notes
Turn   | Place    | Note
-------+----------+-------------------------------------------
     0 | D:1      | Peloso the Minotaur Fighter began the quest for the Orb.
     0 | D:1      | Reached XP level 1. HP: 19/19 MP: 0/0
   858 | D:2      | Reached XP level 2. HP: 27/27 MP: 1/1
   958 | D:2      | Reached skill level 4 in Armour
  1165 | D:2      | Noticed Robin
  1179 | D:2      | Killed Robin
  1180 | D:2      | Reached XP level 3. HP: 24/33 MP: 2/2
  1911 | D:3      | Found a shadowy altar of Dithmenos.
  2405 | D:4      | Noticed a necrophage
  2422 | D:4      | Killed a necrophage
  2423 | D:4      | Reached skill level 5 in Armour
  2423 | D:4      | Reached XP level 4. HP: 31/41 MP: 3/3
  2423 | D:4      | Reached XP level 5. HP: 36/47 MP: 4/4
  2660 | D:4      | Found a glowing drain.
  2668 | Sewer    | Entered a sewer
  2842 | Sewer    | Succumbed to a kobold brigand's curare-tipped dart

Illustrated notes

Levels and vault maps discovered:
D:1:      psy_arrival_basics, layout_rooms
D:2:      layout_basic, serial_forest, infiniplex_forest_clump_small,
          infiniplex_forest_clump_curved, infiniplex_forest_straight_2,
          infiniplex_forest_side_room, infiniplex_forest_straight_4,
          infiniplex_forest_straight_2, infiniplex_forest_straight_3, hex_large,
          grunt_ministairs_9, minmay_octomino_e4, uniq_robin
D:3:      layout_basic, grunt_dithmenos_smoke, eino_curves_01, kennysheep_potato
D:4:      layout_rooms, marbit_many_paths, nicolae_temple_entry_ecumenical,
          portal_sewer_entry_e
Sewer:    sewer_minmay_treatment

Skill      XL: |  1  2  3  4  5 |
---------------+----------------+-----
Shields        | 4 |  4.4
Armour         | 4 5 |  5.2
Long Blades    | 3 4 |  4.1
Fighting       | 4 |  4.7
Stealth        | |  0.3

Action                   |  1- 3 |  4- 6 || total
-------------------------+-------+-------++-------
Melee: Long sword        |    97 |    38 ||   135
       Headbutt          |    10 |     4 ||    14
  Use: Potion            |     1 |     1 ||     2
       Scroll            |     4 |     1 ||     5
Armor: Chain mail        |     8 |       ||     8
       Plate armour      |    68 |    36 ||   104
       Scale mail        |     2 |       ||     2
Dodge: Dodged            |    27 |    22 ||    49
Block: Buckler           |    24 |    11 ||    35
